 Dungeon Crawl Stone Soup version 0.28-a0-1213-g0243856f03 (webtiles) character file.

Game seed: 10636887922968365897

423 oldriver the Chopper (level 6, -5/57 HPs)
             Began as a Minotaur Berserker on Dec 21, 2021.
             Was a Priest of Trog.
             Slain by a gnoll (6 damage)
             ... on level 4 of the Dungeon.
             The game lasted 00:03:01 (3984 turns).

oldriver the Chopper (Minotaur Berserker)           Turns: 3984, Time: 00:03:02

Health: -5/57      AC:  2    Str: 21    XL:     6   Next: 63%
Magic:  5/5        EV: 12    Int:  4    God:    Trog [***...]
Gold:   102        SH:  0    Dex: 12    Spells: 5/5 levels left

rFire   . . .      SeeInvis .   m - +2 flail (protect)
rCold   . . .      Faith    .   (no shield)
rNeg    . . .      Spirit   .   b - +0 animal skin
rPois   .          Reflect  .   (helmet restricted)
rElec   .          Harm     .   (no cloak)
rCorr   .          Rampage  .   (no gloves)
Will    .....                   (no boots)
Stlth   ++........              (no amulet)
HPRegen 0.19/turn               (no ring)
MPRegen 0.09/turn               (no ring)

@: on berserk cooldown, slowed, very slow
A: horns 2, retaliatory headbutt
a: Renounce Religion, Berserk, Trog's Hand


You were on level 4 of the Dungeon.
You worshipped Trog.
Trog was most pleased with you.
You visited 1 branch of the dungeon, and saw 4 of its levels.

You collected 102 gold pieces.

Inventory:

Hand Weapons
 a - a +0 hand axe
 m - a +2 flail of protection (weapon)
Missiles
 r - a throwing net (quivered)
Armour
 b - a +0 animal skin (worn)
Wands
 p - a wand of paralysis (7)
Scrolls
 e - a scroll of enchant weapon {unknown}
 f - a scroll of silence {unknown}
 g - 6 scrolls of identify {unknown}
 i - 2 scrolls of teleportation {unknown}
 l - 2 scrolls of magic mapping {unknown}
 o - a scroll of torment {unknown}
Potions
 c - a potion of flight
 d - a potion of heal wounds
 h - a potion of mutation {unknown}
 j - 2 potions of cancellation {unknown}
 k - a potion of ambrosia {unknown}
 n - a potion of brilliance {unknown}
 q - a potion of curing {unknown}


   Skills:
 * Level 5.9 Fighting
 * Level 6.9 Axes
 + Level 2.6 Armour
 + Level 3.3 Dodging
 + Level 1.0 Stealth


You had 5 spell levels left.
You didn't know any spells.
Your spell library was empty.

Dungeon Overview and Level Annotations

Branches:
Dungeon (4/15)
 Temple: D:4-7

Altars:

Shops:
D:4 (


Innate Abilities, Weirdness & Mutations

You have a pair of horns on your head.
You reflexively headbutt those who attack you in melee.


Message History

The gnoll barely misses you.
Your Stealth skill increases to level 1!
The gnoll hits you with a +0 halberd!
* * * LOW HITPOINT WARNING * * *
Things that are here:
a +0 club; a +0 leather armour; a gnoll corpse You barely miss the gnoll.
You headbutt the gnoll.
The gnoll is moderately wounded.
The gnoll hits you with a +0 halberd!
* * * LOW HITPOINT WARNING * * *
You sock the gnoll!
The gnoll is almost dead.
The gnoll barely misses you.
You bludgeon the gnoll!!
You kill the gnoll!
Trog accepts your kill.
You sock the gnoll!
You kill the gnoll!
Trog accepts your kill.
You are no longer berserk.
You are exhausted.
You feel yourself slow down. The gnoll barely misses you.
Things that are here:
a +0 whip; a +0 halberd; a gnoll corpse You hit the gnoll.
Your headbutt misses the gnoll.
The gnoll is moderately wounded.
The gnoll hits you but does no damage. x2
You sock the gnoll!
The gnoll is almost dead.
The gnoll hits you with a +0 spear.
* * * LOW HITPOINT WARNING * * *
You closely miss the gnoll.
The gnoll is almost dead.
The gnoll hits you but does no damage. x2
You closely miss the gnoll.
The gnoll is almost dead.
The gnoll hits you with a +0 spear!
* * * LOW HITPOINT WARNING * * *
The gnoll hits you with a +0 spear.
You die...

.......#####.#....
...............###
#..........#.###
#.#...####.#.#
#.##..# #...#
#.##..# #.#.#
#.##..# ##.#.#
#)#...###....#
#@#.......#..#
#g#.#####...##
#g#.## ##....#
#..#.#####.##.#
#.###......# .#
##.#.####### .###
##.## .... #.#
.### ###.#######.


You could see 2 gnolls.

Vanquished Creatures
  An ogre (D:4)
  An orc priest (D:4)
  A gnoll shaman (D:4)
  Natasha (thrice) (D:3)
  A hound skeleton (D:4)
  6 gnolls
  6 adders
  An adder skeleton (D:4)
  2 worms (D:2)
  3 dart slugs
  2 orcs (D:3)
  9 bats
  3 endoplasms
  4 giant cockroaches
  8 goblins
  2 hobgoblins
  2 jackals (D:2)
  3 kobolds
  A quokka (D:1)
  3 training dummies (D:4)
  9 ball pythons
  2 frilled lizards
  7 rats
80 creatures vanquished.

Notes
Turn   | Place    | Note
-------+----------+-------------------------------------------
     0 | D:1      | oldriver the Minotaur Berserker began the quest for the
                  | Orb.
     0 | D:1      | Reached XP level 1. HP: 19/19 MP: 0/0
   291 | D:1      | Reached XP level 2. HP: 27/27 MP: 1/1
   355 | D:1      | Reached skill level 4 in Axes
   955 | D:2      | Reached XP level 3. HP: 15/34 MP: 2/2
  1642 | D:2      | Reached ** piety under Trog
  1659 | D:2      | Reached skill level 5 in Axes
  1879 | D:2      | Reached XP level 4. HP: 40/41 MP: 3/3
  2988 | D:3      | Reached XP level 5. HP: 47/47 MP: 4/4
  3104 | D:3      | Noticed Natasha
  3111 | D:3      | Killed Natasha
  3112 | D:3      | Reached skill level 5 in Fighting
  3176 | D:3      | Noticed Natasha
  3181 | D:3      | Killed Natasha
  3182 | D:3      | Reached skill level 6 in Axes
  3218 | D:3      | Noticed Natasha
  3226 | D:3      | Killed Natasha
  3562 | D:3      | Found a faded altar of an unknown god.
  3611 | D:4      | Noticed an ogre
  3618 | D:4      | Killed an ogre
  3619 | D:4      | Reached XP level 6. HP: 54/56 MP: 5/5
  3787 | D:4      | Found Ystopt's Firing Range.
  3801 | D:4      | Reached *** piety under Trog
  3975 | D:4      | Reached skill level 1 in Stealth
  3984 | D:4      | HP: 1/57 [gnoll (8)]
  3984 | D:4      | Slain by a gnoll

Illustrated notes

Levels and vault maps discovered:
D:1:      pf_arrival_petrified_forest, layout_loops_corners,
          corexii_corridor_pit
D:2:      layout_basic, minmay_hexomino_u4
D:3:      layout_basic, shapermc_ecumenical_altar_petra, uniq_natasha
D:4:      layout_loops_ring, nicolae_shop_firing_range

Skill      XL: |  1  2  3  4  5  6 |
---------------+-------------------+-----
Axes           | 4 5 6 |  6.9
Fighting       | 4 5 |  5.9
Dodging        | 3 |  3.3
Stealth        | 1 |  1.0
Armour         | |  2.6

Action                   |  1- 3 |  4- 6 || total
-------------------------+-------+-------++-------
Melee: Hand axe          |    64 |    33 ||    97
       Headbutt          |    17 |    12 ||    29
       Flail             |       |    80 ||    80
Invok: Berserk           |     2 |     4 ||     6
  Use: Potion            |     2 |       ||     2
 Stab: Sleeping          |     1 |       ||     1
Armor: Animal skin       |    13 |    29 ||    42
Dodge: Dodged            |    41 |    86 ||   127

Table legend: (Time is in decaauts)
 A = Elapsed time spent in this place.
 B = Non-inter-level travel time spent in this place.
 C = Inter-level travel time spent in this place.
 D = Time resting spent in this place.
 E = Time spent auto-exploring this place.
 F = Levels seen in this place.
 G = Mean time per level.
                   A        B        C        D        E       F      G
               +--------+--------+--------+--------+--------+-----+--------+
         Total |   4051 |   3952 |     99 |   1038 |   2364 |   4 | 1012.8 |
       Dungeon |   4051 |   3952 |     99 |   1038 |   2364 |   4 | 1012.8 |
               +--------+--------+--------+--------+--------+-----+--------+

Top non-repeatable levels by time:
     D:2: 1807 daAuts
     D:1: 945 daAuts
     D:3: 896 daAuts
     D:4: 402 daAuts
